 Dungeon Crawl Stone Soup version 0.18-a0-1685-g4482fe3 (webtiles) character file.

705 saintsgambit the Poker (level 7, -7/60 HPs)
             Began as a Hill Orc Gladiator on Apr 3, 2016.
             Was a Believer of Zin.
             Mangled by Hellonello's ghost (13 damage)
             ... on level 4 of the Dungeon.
             The game lasted 00:19:50 (4257 turns).

saintsgambit the Poker (Hill Orc Gladiator)         Turns: 4257, Time: 00:19:50

Health: -7/60      AC: 13    Str: 19    XL:     7   Next: 67%
Magic:  7/7        EV: 15    Int:  8    God:    Zin [**....]
Gold:   160        SH:  0    Dex: 12    Spells: 0 memorised, 6 levels left

rFire  . . .     SeeInvis .     a - +0 trident
rCold  . . .     Gourm    .     b - +0 leather armour
rNeg   . . .     Faith    .     (no shield)
rPois  .         Spirit   .     c - +0 helmet
rElec  .         Dismiss  .     (no cloak)
rCorr  .         Reflect  .     i - +2 pair of gloves
SustAt .         Harm     .     j - +2 pair of boots
MR     .....                    (no amulet)
Stlth  +.........               w - +3 ring of protection
                                h - +2 ring of evasion

@: not resistant to hostile enchantments, very unstealthy
A: no striking features
a: Recite, Vitalisation, Donate Gold, Renounce Religion


You were on level 4 of the Dungeon.
You worshipped Zin.
Zin was pleased with you.
You were not hungry.

You visited 1 branch of the dungeon, and saw 4 of its levels.

You collected 177 gold pieces.
You donated 17 gold pieces to Zin.

Inventory:

Hand Weapons
 a - a +0 trident (weapon)
Missiles
 d - 3 throwing nets (quivered)
 k - 5 needles of confusion
 n - 3 javelins
Armour
 b - a +0 leather armour (worn)
 c - a +0 helmet (worn)
 e - a +0 plate armour
 i - a +2 pair of gloves (worn)
 j - a +2 pair of boots (worn)
 l - a +0 ring mail
 m - a +0 leather armour
Jewellery
 h - a +2 ring of evasion (left hand)
 w - a +3 ring of protection (right hand)
Wands
 p - a wand of hasting (9/9)
 u - a wand of iceblast (11/15)
 x - a wand of slowing (21/48)
Scrolls
 g - a scroll of recharging
 o - 3 scrolls of remove curse
 r - 2 scrolls of teleportation {unknown}
 s - a scroll of identify
 v - 2 scrolls of enchant weapon {unknown}
Potions
 q - a potion of haste
 t - a potion of flight {unknown}
Comestibles
 f - 2 bread rations


   Skills:
 + Level 4.4 Fighting
 + Level 5.4 Polearms
 + Level 2.0 Throwing
 + Level 2.7 Armour
 + Level 5.0 Dodging
 + Level 1.3 Stealth


You had 6 spell levels left.
You didn't know any spells.

Dungeon Overview and Level Annotations

Branches:
Dungeon (4/15)
 Temple: D:4-7

Altars:
Ru
Yredelemnul
Zin

Annotations:
D:4 Hellonello's ghost, amateur TeGl


Message History

You kill the giant cockroach!
You completely miss Hellonello's ghost. Hellonello's ghost hits you!
You barely miss Hellonello's ghost. Hellonello's ghost hits you!
You hit Hellonello's ghost but do no damage.
Hellonello's ghost completely misses you.
You hit Hellonello's ghost but do no damage.
Hellonello's ghost hits you!
* * * LOW HITPOINT WARNING * * *
You hit Hellonello's ghost but do no damage.
Hellonello's ghost hits you.
* * * LOW HITPOINT WARNING * * *
You hit Hellonello's ghost but do no damage.
Hellonello's ghost hits you!
* * * LOW HITPOINT WARNING * * *
You closely miss Hellonello's ghost.
Hellonello's ghost hits you but does no damage.
You hit Hellonello's ghost but do no damage.
Hellonello's ghost hits you but does no damage.
You closely miss Hellonello's ghost. Hellonello's ghost hits you!
You die...

#####.## ......#
####### #####..##
.....# .......
........# .....# .
#.... ........# ..
....# .# #.###
........# .. .... ...
# #######.## .# #..#
.... # # #..##.#
#..#..... # #
##.##.#######)....._.
# #
#..#.##..@WoO.#.....
# ##.#.##.####..# ...
# #...##.# #...# . #
##..##.# #....# #
#...##.# #...... ##
#..>'..# ######## #.
#...#### #. #...# #.
#...# #.


You could see an ogre, Hellonello's ghost and an orc.

Vanquished Creatures
  Grinder (D:3)
  Sigmund (D:2)
  A scorpion (D:3)
  Jessica (D:3)
  Natasha (thrice) (D:2)
  A hound skeleton (D:4)
  An adder (D:3)
  3 gnolls (D:3)
  An ooze (D:3)
  6 worms
  8 dart slugs
  6 giant geckos
  9 orcs
  5 giant cockroaches
  7 goblins
  4 hobgoblins
  8 jackals
  11 kobolds
  4 quokkas
  9 bats
  5 giant newts
  7 rats
102 creatures vanquished.

Notes
Turn   | Place    | Note
--------------------------------------------------------------
     0 | D:1      | saintsgambit the Hill Orc Gladiator began the quest for the Orb.
     0 | D:1      | Reached XP level 1. HP: 18/18 MP: 1/1
   215 | D:1      | Reached XP level 2. HP: 8/25 MP: 2/2
   530 | D:1      | Reached XP level 3. HP: 29/30 MP: 3/3
   938 | D:2      | Noticed Sigmund
   956 | D:2      | Killed Sigmund
   956 | D:2      | Reached skill level 1 in Armour
   956 | D:2      | Reached XP level 4. HP: 38/38 MP: 4/4
   956 | D:2      | Reached XP level 5. HP: 45/45 MP: 5/5
   962 | D:2      | Noticed Natasha
   978 | D:2      | Killed Natasha
   978 | D:2      | Reached skill level 1 in Stealth
   978 | D:2      | Reached XP level 6. HP: 34/51 MP: 6/6
  1658 | D:2      | Noticed Natasha
  1664 | D:2      | Killed Natasha
  1790 | D:2      | Noticed Natasha
  1804 | D:2      | Killed Natasha
  1865 | D:3      | Noticed Grinder
  1887 | D:3      | Killed Grinder
  1887 | D:3      | Reached skill level 5 in Polearms
  1887 | D:3      | Reached XP level 7. HP: 42/59 MP: 7/7
  2382 | D:3      | Found a faded altar to an unknown god.
  2392 | D:3      | Became a worshipper of Zin the Law-Giver
  2392 | D:3      | Reached * piety under Zin
  2392 | D:3      | Reached ** piety under Zin
  2699 | D:3      | Noticed Jessica
  2715 | D:3      | Killed Jessica
  2846 | D:4      | Noticed Hellonello's ghost (amateur TeGl)
  2853 | D:4      | Zin protects you from harm!
  2858 | D:4      | HP: 2/60 [Hellonello's ghost (2)]
  2864 | D:4      | HP: 1/60 [Hellonello's ghost (2)]
  3870 | D:4      | Found a sacrificial altar of Ru.
  4094 | D:4      | Reached skill level 5 in Dodging
  4235 | D:4      | Found a basalt altar of Yredelemnul.
  4257 | D:4      | Mangled by Hellonello's ghost

Vault maps used:
D:1:      evilmike_arrival_rings, hex_intersection
D:2:      kennysheep_big_flooded_room, first_bread, uniq_natasha, uniq_sigmund
D:3:      ecumenical_altar_2, kennysheep_jessica_study, uniq_grinder,
          uniq_jessica
D:4:      lemuel_round_altar, nicolae_ru_path_of_blood

Skill      XL: |  1  2  3  4  5  6  7 |
---------------+----------------------+-----
Fighting       | 3 4 |  4.4
Polearms       | 4 5 |  5.4
Armour         | 1 2 |  2.7
Dodging        | 3 4 5 |  5.0
Stealth        | 1 |  1.3
Throwing       | 2 |  2.0

Action                   |  1- 3 |  4- 6 |  7- 9 || total
-------------------------+-------+-------+-------++-------
Melee: Trident           |   123 |   111 |   257 ||   491
Throw: Throwing net      |     2 |       |     3 ||     5
Invok: Vitalisation      |       |       |     1 ||     1
  Use: Scroll            |       |     1 |     2 ||     3
       Potion            |       |       |     1 ||     1
 Stab: Held in net/web   |     1 |       |       ||     1
       Sleeping          |       |     1 |     1 ||     2
  Eat: Pizza             |       |     1 |       ||     1
       Chunk             |       |     1 |       ||     1
       Meat ration       |       |       |     1 ||     1
       Bread ration      |       |       |     1 ||     1
